 Dungeon Crawl Stone Soup version 0.27.1-2-g3b301248ec (webtiles) character file.

Game seed: 15268954416814446327

63 Cape the Slasher (level 3, -1/33 HPs)
             Began as a Minotaur Monk on Sept 13, 2021.
             Slain by an iguana (11 damage)
             ... on level 3 of the Dungeon on Sept 26, 2021.
             The game lasted 00:18:43 (1904 turns).

Cape the Slasher (Minotaur Monk)                    Turns: 1904, Time: 00:18:43

Health: -1/33      AC:  5    Str: 16    XL:     3   Next: 89%
Magic:  2/2        EV: 11    Int:  7    God:
Gold:   47         SH:  0    Dex: 12    Spells: 2/2 levels left

rFire    . . .     SeeInvis .   a - +0 falchion
rCold    . . .     Faith    .   (no shield)
rNeg     . . .     Spirit   .   g - +0 ring mail
rPois    .         Reflect  .   (helmet restricted)
rElec    .         Harm     .   (no cloak)
rCorr    .         Rampage  .   (no gloves)
Will     .....                  (no boots)
Stlth    +.........             (no amulet)
HPRegen  0.11/turn              (no ring)
MPRegen  0.08/turn              (no ring)

@: no status effects
A: horns 2, retaliatory headbutt
a: no special abilities


You were on level 3 of the Dungeon.
You visited 1 branch of the dungeon, and saw 3 of its levels.

You collected 47 gold pieces.

Inventory:

Hand Weapons
 a - a +0 falchion (weapon)
 c - a +0 dagger
Armour
 b - a +0 robe
 g - a +0 ring mail (worn)
Scrolls
 e - a scroll of silence {unknown}
 h - 2 scrolls of noise {unknown}
 k - a scroll of fog {unknown}
Potions
 d - a potion of curing {unknown}
 f - a potion of ambrosia {unknown}
 i - a potion of attraction {unknown}
 j - a potion of lignification {unknown}
 l - a potion of magic {unknown}
 m - a potion of mutation {unknown}
 n - 2 potions of degeneration {unknown}


   Skills:
 + Level 4.3 Fighting
 + Level 4.5 Long Blades
 + Level 0.7 Armour
 + Level 3.7 Dodging
 + Level 2.0 Stealth


You had 2 spell levels left.
You didn't know any spells.
Your spell library was empty.

Dungeon Overview and Level Annotations

Branches:
Dungeon (3/15)

Altars:

Shops:
D:2 ?


Innate Abilities, Weirdness & Mutations

You have a pair of horns on your head.
You reflexively headbutt those who attack you in melee.


Message History

Okay, then.
Hit: a) +0 falchion
Press: ? - help, Dir - move target, f - you
Okay, then.
Press: ? - help, v - describe, . - travel The floor.
Press: ? - help, v - describe, . - travel
Here: a goblin, wielding a +0 club The floor.
Hit: a) +0 falchion
Press: ? - help, Dir - move target Your weapon can't reach that far!
Okay, then.
Hit: a) +0 falchion
Press: ? - help, Dir - move target Your weapon can't reach that far!
Okay, then.
You hit the goblin.
The goblin is severely wounded.
The goblin hits you but does no damage.
You hit the goblin.
You kill the goblin!
Things that are here:
a +0 club; a goblin corpse An iguana comes into view.
The iguana hisses angrily.
Found a stone staircase leading up.
You hit the iguana but do no damage. You headbutt the iguana!
The iguana is heavily wounded.
The iguana closely misses you.
You closely miss the iguana.
The iguana is heavily wounded.
The iguana bites you!
You closely miss the iguana.
The iguana is heavily wounded.
The iguana bites you!
You hit the iguana but do no damage.
The iguana is heavily wounded.
The iguana bites you!
You die...

############
#..........#
#..........#
#......^...#
#.....l....#
#......@...#
#.....<....#
########.###
#..#
##.######.#
#.......#.#
#.........#
#.......###.
#............


You could see an iguana.

Vanquished Creatures
  2 adders
  A worm (D:2)
  A dart slug (D:2)
  An orc (D:3)
  4 endoplasms
  3 giant cockroaches
  2 goblins
  2 hobgoblins (D:1)
  2 jackals (D:1)
  6 ball pythons
  3 bats
  5 frilled lizards
  4 kobolds
  5 rats
41 creatures vanquished.

Vanquished Creatures (others)
  3 plants (D:2)
3 creatures vanquished.

Grand Total: 44 creatures vanquished

Notes
Turn   | Place    | Note
-------+----------+-------------------------------------------
     0 | D:1      | Cape the Minotaur Monk began the quest for the Orb.
     0 | D:1      | Reached XP level 1. HP: 19/19 MP: 0/0
   464 | D:1      | Reached XP level 2. HP: 27/27 MP: 1/1
  1069 | D:2      | Upgraded the game from 0.27.1-1-g398f81649c to
                  | 0.27.1-2-g3b301248ec
  1240 | D:2      | Reached XP level 3. HP: 23/33 MP: 2/2
  1461 | D:2      | Found Diaher's Magic Scroll Shop.
  1904 | D:3      | Slain by an iguana

Illustrated notes

Levels and vault maps discovered:
D:1:      minmay_arrival_four_houses, layout_basic, minmay_misc_feat_cross
D:2:      wad_lake_hut, layout_basic, serial_shops, shop_fountains, shop,
          shop_fountains
D:3:      layout_rooms

Skill      XL: |  1  2  3 |
---------------+----------+-----
Fighting       | 4 |  4.3
Long Blades    | 4 |  4.5
Stealth        | 2 |  2.0
Armour         | |  0.7
Dodging        | |  3.7

Action                   || total
-------------------------++-------
Melee: Falchion          ||    62
       Headbutt          ||    14
 Stab: Sleeping          ||     5
Armor: Robe              ||     7
       Ring mail         ||    13
Dodge: Dodged            ||    48
       Rpst.: Falchion   ||     9
